 Dungeon Crawl Stone Soup version 0.30-a0-377-g5cb311bc9f (webtiles) character file.

Game seed: 345769103276630830

72 qeuew the Shield-Bearer (level 4, -5/37 HPs)
             Began as a Formicid Fighter on Nov 28, 2022.
             Killed from afar by Ijyb (16 damage)
             ... with a bolt of dispelling energy
             ... on level 3 of the Dungeon.
             The game lasted 00:01:58 (2245 turns).

qeuew the Shield-Bearer (Formicid Fighter)          Turns: 2245, Time: 00:01:58

Health: -5/37      AC:  7    Str: 20    XL:     4   Next: 48%
Magic:  4/4        EV:  9    Int:  8    God:
Gold:   229        SH:  5    Dex: 15    Spells: 3/3 levels left

rFire   . . .      SeeInvis +    a - +0 war axe
rCold   . . .      Faith    .    c - +0 buckler
rNeg    . . .      Spirit   .    b - +0 scale mail
rPois   .          Reflect  .    (helmet unavailable)
rElec   .          Harm     .    (no cloak)
rCorr   +          Rampage  .    (no gloves)
Will    .....                    (no boots)
Stlth   ..........               (no amulet)
HPRegen 0.26/turn                k - ring of resist corrosion
MPRegen 0.09/turn                (no ring)

@: no status effects
A: permanent stasis, dig shafts and tunnels, antennae 3, four strong arms
a: Dig, Shaft Self


You were on level 3 of the Dungeon.
You visited 1 branch of the dungeon, and saw 3 of its levels.

You collected 229 gold pieces.

Inventory:

Hand Weapons
 a - a +0 war axe (weapon)
Armour
 b - a +0 scale mail (worn)
 c - a +0 buckler (worn)
Jewellery
 k - a ring of resist corrosion (left hand)
Scrolls
 h - a scroll of magic mapping {unknown}
Potions
 d - a potion of might
 e - a potion of flight {unknown}
 f - a potion of brilliance
 g - a potion of berserk rage {unknown}
 j - a potion of heal wounds


   Skills:
 * Level 4.1 Fighting
 + Level 2.4 Axes
 + Level 3.7 Armour
 + Level 1.1 Dodging
 + Level 4.4 Shields


You had 3 spell levels left.
You didn't know any spells.
Your spell library contained the following spells:

 Spells                   Type           Power      Damage    Failure   Level
 Slow                     Hex            0%         N/A       83%         1
 Confusing Touch          Hex            0%         N/A       99%         3
 Gell's Gravitas          Tloc           0%         N/A       99%         3
 Lesser Beckoning         Tloc           0%         N/A       99%         3
 Teleport Other           Tloc           0%         N/A       99%         3
 Vampiric Draining        Necr           0%         2d6       99%         3


Dungeon Overview and Level Annotations

Branches:
Dungeon (3/15)

Altars:

Annotations:
D:3 Ijyb


Innate Abilities, Weirdness & Mutations

You cannot be hasted, slowed, berserked, paralysed or teleported.
You can dig through walls and to a lower floor.
You have a pair of large antennae on your head. (SInv)
Your four strong arms can wield two-handed weapons with a shield.


Message History

Ijyb is nearby!
Ijyb zaps a wand.
The bolt of dispelling energy hits you.
Found 14 gold pieces.
You hit Ijyb.
Ijyb is lightly wounded.
Ijyb hits you but does no damage.
You closely miss Ijyb.
Ijyb is lightly wounded.
Ijyb zaps a wand.
The bolt of dispelling energy hits you! Ijyb barely misses you.
You closely miss Ijyb.
Ijyb is lightly wounded.
Ijyb hits you with a +0 dagger.
You barely miss Ijyb.
Ijyb is lightly wounded.
Ijyb zaps a wand.
The bolt of dispelling energy hits you. Ijyb hits you but does no damage.
You are too injured to fight recklessly!
You are too injured to fight recklessly!
You are too injured to fight recklessly!
You are too injured to fight recklessly!
You are too injured to fight recklessly!
You are too injured to fight recklessly!
You are too injured to fight recklessly!
You are too injured to fight recklessly!
You are too injured to fight recklessly!
You are too injured to fight recklessly!
You are too injured to fight recklessly!
You are too injured to fight recklessly!
You hit Ijyb but do no damage.
Ijyb is lightly wounded.
Ijyb zaps a wand.
The bolt of dispelling energy hits you!
* * * LOW HITPOINT WARNING * * *
You completely miss Ijyb.
Ijyb is lightly wounded.
Ijyb hits you but does no damage.
You barely miss Ijyb.
Ijyb is lightly wounded.
Ijyb zaps a wand.
The bolt of dispelling energy hits you!
You die...

..P.....####.........#
.~~P....# ##.......##
.....#..# ##.....##
....+##. ##...## ⌠..##
##'## .... #.######
... #......# .##
##.####.## .
#.@....$$. #..g.....##
##....#..# #.......#
#..#.#.## .......#
#..##++# #.##


You could see Ijyb.

Vanquished Creatures
  Jessica (D:3)
  A worm (D:2)
  A dart slug (D:1)
  3 orcs (D:3)
  2 endoplasms
  A giant cockroach (D:1)
  5 goblins
  4 hobgoblins
  2 ball pythons
  4 bats
  A frilled lizard (D:2)
  8 kobolds
  3 rats
36 creatures vanquished.

Vanquished Creatures (others)
  10 plants (D:2)
  11 withered plants (D:2)
21 creatures vanquished.

Grand Total: 57 creatures vanquished

Notes
Turn   | Place    | Note
-------+----------+-------------------------------------------
     0 | D:1      | qeuew the Formicid Fighter began the quest for the Orb.
     0 | D:1      | Reached XP level 1. HP: 18/18 MP: 1/1
   307 | D:1      | Reached XP level 2. HP: 24/24 MP: 2/2
   561 | D:1      | You fall into a shaft and drop 1 floor!
  1111 | D:2      | Found a faded altar of an unknown god.
  1209 | D:2      | Reached XP level 3. HP: 30/30 MP: 3/3
  1959 | D:3      | Noticed Jessica
  1975 | D:3      | Killed Jessica
  1976 | D:3      | Reached skill level 1 in Dodging
  1976 | D:3      | Reached XP level 4. HP: 15/37 MP: 4/4
  2235 | D:3      | Noticed Ijyb
  2245 | D:3      | Killed from afar by Ijyb

Illustrated notes

Levels and vault maps discovered:
D:1:      kennysheep_arrival_forest, layout_loops_corners
D:2:      layout_loops_ring, shapermc_ecumenical_altar_flowoftime,
          chequers_big_river, kennysheep_generic_room_16
D:3:      layout_loops_corners, tso_oasis_becter, chequers_serial_rivers_room_b,
          kennysheep_generic_room_3, uniq_ijyb, uniq_jessica

Skill      XL: |  1  2  3 |
---------------+----------+-----
Fighting       | 4 |  4.1
Dodging        | 1 |  1.1
Axes           | |  2.4
Armour         | |  3.7
Shields        | |  4.4

Action                   |  1- 3 |  4- 6 || total
-------------------------+-------+-------++-------
Melee: War axe           |   107 |    12 ||   119
  Use: Potion            |     6 |       ||     6
       Scroll            |     4 |       ||     4
Armor: Scale mail        |    25 |     5 ||    30
Dodge: Dodged            |    41 |     3 ||    44
Block: Buckler           |    17 |       ||    17

Table legend: (Time is in decaauts)
 A = Elapsed time spent in this place.
 B = Non-inter-level travel time spent in this place.
 C = Inter-level travel time spent in this place.
 D = Time resting spent in this place.
 E = Time spent auto-exploring this place.
 F = Levels seen in this place.
 G = Mean time per level.
                   A        B        C        D        E       F      G
               +--------+--------+--------+--------+--------+-----+--------+
         Total |   2301 |   2256 |     45 |      0 |   1900 |   3 |  767.0 |
       Dungeon |   2301 |   2256 |     45 |      0 |   1900 |   3 |  767.0 |
               +--------+--------+--------+--------+--------+-----+--------+

Top non-repeatable levels by time:
     D:1: 975 daAuts
     D:2: 951 daAuts
     D:3: 374 daAuts
